 Dungeon Crawl Stone Soup version 0.16-a0-2296-gdce89d5 (webtiles) character file.

123 Kraw the Sneak (level 5, 0/34 HPs)
             Began as a Halfling Assassin on Nov 16, 2014.
             Killed by divine providence
             ... invoked by an orc priest
              (11 damage)
             ... on level 3 of the Dungeon.
             The game lasted 00:10:23 (2142 turns).

Kraw the Sneak (Halfling Assassin)                  Turns: 2142, Time: 00:10:23

Health: 0/34       AC:  3    Str: 11    XL:     5   Next: 29%
Magic:  5/5        EV: 14    Int: 10    God:
Gold:   152        SH:  0    Dex: 17    Spells: 0 memorised, 4 levels left

rFire  . . .     SeeInvis .     a - +2 dagger
rCold  . . .     Clarity  .     c - +0 robe
rNeg   . . .     SustAb   .     (no shield)
rPois  .         Gourm    .     (no helmet)
rElec  .         Spirit   .     d - +0 cloak
rCorr  .         Warding  .     (no gloves)
rMut   .         Stasis   .     (no boots)
MR     .....                    (no amulet)
Stlth  ++++......               (no ring)
                                (no ring)

@: not resistant to hostile enchantments, stealthy
A: mutation resistance 1
a: no special abilities


You were on level 3 of the Dungeon.
You were not hungry.

You visited 1 branch of the dungeon, and saw 3 of its levels.

You collected 152 gold pieces.

Inventory:

Hand weapons
 a - a +2 dagger (weapon)
 b - a +0 blowgun
 r - a +0 hunting sling
Missiles
 e - 3 poisoned needles
 f - 2 curare-tipped needles
 s - 20 stones (quivered)
Armour
 c - a +0 robe (worn)
 d - a +0 cloak (worn)
Jewellery
 p - an uncursed amulet of faith {unknown}
 x - a +4 ring of protection {unknown}
Magical devices
 C - a wand of heal wounds (1)
Scrolls
 j - 4 scrolls of magic mapping {unknown}
 o - 2 scrolls of recharging {unknown}
 q - 3 scrolls of identify {unknown}
 t - a scroll of blinking {unknown}
 v - 4 scrolls of fear {unknown}
 w - a scroll of random uselessness {unknown}
 y - a scroll of fog {unknown}
Potions
 i - a potion of agility {unknown}
 k - a potion of resistance {unknown}
 l - 2 potions of cancellation {unknown}
 m - 5 potions of curing {unknown}
 n - a potion of brilliance {unknown}
 u - a potion of heal wounds {unknown}
 z - a potion of flight {unknown}
 D - a potion of haste {unknown}
Comestibles
 g - a bread ration
 A - a beef jerky


   Skills:
 - Level 1.7 Fighting
 + Level 5.3 Short Blades
 - Level 2.6 Throwing
 - Level 1.1 Dodging
 + Level 5.8 Stealth


You had 4 spell levels left.
You didn't know any spells.

Dungeon Overview and Level Annotations

Branches:
Dungeon (3/15)

Altars:
Ashenzari


Innate Abilities, Weirdness & Mutations

You are small and have problems with some larger weapons.
You are somewhat resistant to further mutation.


Message History

You hit the orc priest but do no damage.
The orc priest is severely wounded.
You hit the orc priest.
The orc priest is almost dead.
The orc priest completely misses you.
You closely miss the orc priest.
The orc priest is severely wounded.
The orc priest barely misses you.
You hit the orc priest.
The orc priest is almost dead.
You completely miss the orc priest.
The orc priest is almost dead.
The orc priest completely misses you.
You barely miss the orc priest.
The orc priest is almost dead.
You barely miss the orc priest.
The orc priest is almost dead.
The orc priest invokes the aid of Beogh against you.
Something smites you!
You die...

#.# o #.......... #.#
#o ##...###### #.# #o
######.#### #.# #(
#.........#### #.# #(
#.###......... #.# #(
##.##......#### #.# #.
##.(.#...#..####
###.####
#(#####.#(#)..........
.......#
#(.(o@<.......##..###.
###.##.##
####....#.#.......# #.
#.....#
#.###...######.# #.
####..# #.#
##.........# #. #..#
#.# ########### #.
#..# #.# ## #..#
####.# # #..# #....#
#..# #....##


You could see an orc priest.

Vanquished Creatures
  An orc priest (D:3)
  Ijyb (D:2)
  3 adders
  5 giant geckos
  2 orcs (D:3)
  4 goblins
  5 hobgoblins
  6 kobolds
  A quokka (D:2)
  A ball python (D:3)
  9 bats
  2 giant newts
  6 rats
46 creatures vanquished.

Notes
Turn   | Place    | Note
--------------------------------------------------------------
     0 | D:1      | Kraw, the Halfling Assassin, began the quest for the Orb.
     0 | D:1      | Reached XP level 1. HP: 14/14 MP: 1/1
   166 | D:1      | Reached XP level 2. HP: 19/19 MP: 2/2
   896 | D:2      | Reached XP level 3. HP: 24/24 MP: 3/3
  1157 | D:2      | Noticed Ijyb
  1285 | D:2      | Reached skill level 5 in Stealth
  1362 | D:2      | Killed Ijyb
  1362 | D:2      | Reached XP level 4. HP: 27/29 MP: 4/4
  1835 | D:3      | Found a shattered altar of Ashenzari.
  2117 | D:3      | Reached skill level 5 in Short Blades
  2117 | D:3      | Reached XP level 5. HP: 34/34 MP: 5/5
  2142 | D:3      | Killed from afar by an orc priest

Action                   |  1- 3 |  4- 6 || total
-------------------------+-------+-------++-------
Melee: Dagger            |    81 |    69 ||   150
 Fire: Blowgun           |     5 |     3 ||     8
Throw: Tomahawk          |    14 |    13 ||    27
       Stone             |     5 |     2 ||     7
 Stab: Sleeping          |     3 |     6 ||     9
  Eat: Chunk             |       |     4 ||     4
